 Dungeon Crawl Stone Soup version 0.27-a0-1548-gf8a67e7463 (webtiles) character file.

Game seed: 13674467979773328599

6297 Swapper the Cleaver (level 10, -4/90 HPs)
             Began as a Minotaur Berserker on July 13, 2021.
             Was a High Priest of Trog.
             Slain by an orc warrior (15 damage)
             ... in a bailey.
             The game lasted 00:58:43 (7861 turns).

Swapper the Cleaver (Minotaur Berserker)            Turns: 7861, Time: 00:58:43

Health: -4/90      AC: 17    Str: 25    XL:     10   Next: 63%
Magic:  9/9        EV:  6    Int:  4    God:    Trog [*****.]
Gold:   427        SH:  9    Dex:  8    Spells: 9/9 levels left

rFire    + . .     SeeInvis +   v - +14 obsidian axe {vorpal, Drain Fly SInv}
rCold    . . .     Faith    .   m - +0 kite shield
rNeg     . . .     Spirit   .   k - +2 plate armour {rF+}
rPois    .         Reflect  .   (helmet unavailable)
rElec    .         Harm     .   c - +0 cloak
rCorr    .         Rampage  .   (no gloves)
Will     .....                  (no boots)
Stlth    ..........             (no amulet)
HPRegen  0.25/turn              (no ring)
MPRegen  0.11/turn              (no ring)

@: on berserk cooldown, flying, mesmerised, slowed, very slow
A: horns 3, retaliatory headbutt, beak, clumsy 1
a: Renounce Religion, Berserk, Trog's Hand, Brothers in Arms


You were in a bailey.
You worshipped Trog.
Trog was extremely pleased with you.
You visited 1 branch of the dungeon, and saw 8 of its levels.
You also visited: Sewer and Bailey.

You collected 427 gold pieces.

Inventory:

Hand Weapons
 a - a +0 spectral hand axe
 v - the +14 obsidian axe (weapon) {vorpal, Drain Fly SInv}
   (You found it on level 8 of the Dungeon)

   It inflicts extra damage upon your enemies.
   SInv:      It lets you see invisible.
   Fly:       It grants you flight.
   Drain:     It drains your maximum health when unequipped.
Missiles
 j - 58 poisoned darts (quivered)
Armour
 c - a +0 cloak (worn)
 k - a +2 plate armour of fire resistance (worn)
 m - a +0 kite shield (worn)
Wands
 t - a wand of polymorph (8)
Scrolls
 b - a scroll of enchant armour {unknown}
 d - 2 scrolls of fog
 e - 7 scrolls of teleportation
 i - 6 scrolls of identify
 l - a scroll of amnesia {unknown}
 p - a scroll of summoning {unknown}
 u - a scroll of fear {unknown}
 w - a scroll of brand weapon
Potions
 f - a potion of might
 g - 7 potions of flight
 h - 2 potions of mutation
 n - 2 potions of heal wounds
 o - 2 potions of invisibility {unknown}
 q - 3 potions of curing {unknown}
 r - 2 potions of haste
 s - a potion of degeneration {unknown}
 x - 2 potions of resistance


   Skills:
 + Level 8.7 Fighting
 * Level 11.7 Axes
 + Level 8.3 Armour
 + Level 7.6 Dodging
 + Level 3.0 Shields
 - Level 5.0 Evocations


You had 9 spell levels left.
You didn't know any spells.
Your spell library was empty.

Dungeon Overview and Level Annotations

Branches:
Dungeon (8/15)             Temple (0/1) D:6           Sewer (visited)
 Bailey (1/1)
   Lair: D:8-11

Altars:
Dithmenos
Gozag
Okawaru
Sif Muna
Vehumet

Shops:
D:2 *   D:8 :


Innate Abilities, Weirdness & Mutations

You have a pair of large horns on your head.
You reflexively headbutt those who attack you in melee.
You have a beak for a mouth.
You are clumsy. (Dex -2)


Message History

The orc warrior no longer looks unusually strong.
The orc warlord no longer looks unusually strong.
The orc warlord roars a battlecry!
The orc warrior goes into a battle-frenzy!
You slash the orc warlord!
The orc warlord is almost dead.
The orc warlord hits you but does no damage.
You slash the orc warlord!
You are no longer entranced.
You kill the orc warlord!
Trog accepts your kill.
Visions of slaying the orc warrior flood into your mind.
You are no longer berserk.
You are exhausted.
You feel yourself slow down.
The orc warrior no longer looks unusually strong.
Your Armour skill increases to level 8!
Your Shields skill increases to level 2!
You slash the orc warrior! You peck the orc warrior.
The orc warrior is heavily wounded.
Visions of slaying the orc warrior flood into your mind.
The orc warrior no longer looks unusually strong. x2
The orc warrior hits you with a +0 war axe!!
The orc warrior hits you with a +0 war axe.
* * * LOW HITPOINT WARNING * * *
You slash the orc warrior! Your headbutt misses the orc warrior.
The orc warrior is almost dead.
The orc warrior hits you with a +0 war axe!
* * * LOW HITPOINT WARNING * * *
The orc warrior barely misses you. You furiously retaliate!
You headbutt the orc warrior.
You are no longer entranced.
You kill the orc warrior!
Trog accepts your kill.
Your Shields skill increases to level 3!
You closely miss the orc warrior.
The orc warrior is severely wounded.
Visions of slaying the orc warrior flood into your mind.
The orc warrior hits you with a +0 hand axe!
You die...

##.......##
#.........#
##.........##
#######.....⌠.....#
##.....##.))......##
#.......).........+
##.......##..555..##
#.........#3335555#
##.....)...##88@88##
#.....⌠.....###o###
##.........##


ooo #.........# ggog. ##..)....##...g... #.......#......... ##)))..##.........#
##)####........... ##.....## You could see 5 orc warriors, a hobgoblin, 3
goblins, 2 friendly smoke demons, a friendly ynoxinul (summoned) and 7 friendly
ufetubi.

Vanquished Creatures
  An orc warlord (Bailey)
  Pikel (D:5)
  3 orc knights (Bailey)
  A hornet (D:7)
  A troll (D:5)
  A wyvern (D:7)
  A steam dragon (D:6)
  A water moccasin (D:6)
  4 ice beasts
  4 orc warriors (Bailey)
  A hornet zombie (D:8)
  A necrophage (D:4)
  An ogre (D:7)
  A centaur (D:6)
  Blork the orc (D:5)
  A bullfrog (D:7)
  A gnoll sergeant (D:8)
  2 scorpions (D:5)
  4 wights (D:7)
  2 howler monkeys
  A centaur zombie (D:5)
  3 bullfrog zombies
  4 hounds
  2 gnoll shamans
  A bullfrog skeleton (D:4)
  An iguana (D:7)
  2 orc wizards
  3 hound skeletons (D:5)
  16 gnolls
  4 adders
  A river rat (D:3)
  2 white imps
  A worm (D:3)
  A dart slug (D:2)
  28 orcs
  9 ball pythons
  5 endoplasms
  5 giant cockroaches
  14 goblins
  29 hobgoblins
  15 jackals
  4 quokkas
  11 bats
  7 frilled lizards
  11 kobolds
  9 rats
222 creatures vanquished.

Vanquished Creatures (collateral kills)
  2 orc warriors (Bailey)
  2 gnolls (Bailey)
  3 orcs (Bailey)
  3 hobgoblins (Bailey)
  2 goblins (Bailey)
12 creatures vanquished.

Vanquished Creatures (others)
  2 plants (D:4)
  4 toadstools (D:1)
6 creatures vanquished.

Grand Total: 240 creatures vanquished

Notes
Turn   | Place    | Note
-------+----------+-------------------------------------------
     0 | D:1      | Swapper the Minotaur Berserker began the quest for the Orb.
     0 | D:1      | Reached XP level 1. HP: 19/19 MP: 0/0
   254 | D:1      | Reached XP level 2. HP: 24/27 MP: 1/1
   292 | D:1      | Reached skill level 4 in Axes
   635 | D:1      | Found a faded altar of an unknown god.
  1173 | D:2      | Reached XP level 3. HP: 33/33 MP: 2/2
  1605 | D:2      | Reached ** piety under Trog
  1765 | D:2      | Found Bepac's Assorted Antiques.
  1814 | D:2      | Gained mutation: You are clumsy. (Dex -2) [potion of
                  | mutation]
  1814 | D:2      | Gained mutation: You have a pair of large horns on your
                  | head. [potion of mutation]
  1814 | D:2      | Gained mutation: You have a beak for a mouth. [potion of
                  | mutation]
  1995 | D:3      | Reached XP level 4. HP: 39/40 MP: 3/3
  2013 | D:3      | Found a glowing drain.
  2032 | Sewer    | Entered a sewer
  2319 | D:3      | Reached skill level 5 in Axes
  2545 | D:3      | Reached *** piety under Trog
  2722 | D:4      | Reached XP level 5. HP: 45/47 MP: 4/4
  3075 | D:4      | Noticed a necrophage
  3082 | D:4      | Killed a necrophage
  3083 | D:4      | Reached skill level 6 in Axes
  3083 | D:4      | Reached XP level 6. HP: 55/55 MP: 5/5
  3169 | D:4      | Reached **** piety under Trog
  3185 | D:4      | Found an iron altar of Okawaru.
  3454 | D:5      | Entered Level 5 of the Dungeon
  3464 | D:5      | Reached skill level 5 in Fighting
  3669 | D:5      | Found an opulent altar of Gozag.
  3678 | D:5      | Noticed Pikel
  3715 | D:5      | Killed Pikel
  3716 | D:5      | Reached skill level 7 in Axes
  3716 | D:5      | Reached skill level 5 in Armour
  3716 | D:5      | Reached skill level 5 in Dodging
  3716 | D:5      | Reached XP level 7. HP: 22/63 MP: 6/6
  3834 | D:5      | Noticed Blork the orc
  3844 | D:5      | Found a radiant altar of Vehumet.
  3966 | D:5      | Reached XP level 8. HP: 61/70 MP: 7/7
  4088 | D:5      | Killed Blork the orc
  4089 | D:5      | Reached skill level 8 in Axes
  4248 | D:5      | Found a shadowy altar of Dithmenos.
  4431 | D:5      | Noticed a troll
  4436 | D:5      | Killed a troll
  4490 | D:5      | Reached skill level 9 in Axes
  4560 | D:5      | Identified the +10 quarterstaff "Rumegoar" {spect, +Blink
                  | rCorr Int+4 Dex-4}
  4694 | D:6      | Found a staircase to the Ecumenical Temple.
  5012 | D:6      | Reached XP level 9. HP: 51/79 MP: 8/8
  5314 | D:6      | Found a shimmering blue altar of Sif Muna.
  5967 | D:7      | Reached skill level 10 in Axes
  7454 | D:8      | Found Ysmalekk's Book Shoppe.
  7515 | D:8      | Reached skill level 1 in Evocations
  7598 | D:8      | Found a flagged portal.
  7599 | D:8      | Found the +14 obsidian axe {vorpal, Drain Fly SInv}
  7613 | Bailey   | Entered a bailey
  7763 | Bailey   | Reached ***** piety under Trog
  7778 | Bailey   | Noticed an orc knight
  7779 | Bailey   | Noticed an orc knight
  7786 | Bailey   | Killed an orc knight
  7787 | Bailey   | Reached XP level 10. HP: 88/88 MP: 9/9
  7791 | Bailey   | Killed an orc knight
  7792 | Bailey   | Reached skill level 5 in Evocations
  7792 | Bailey   | Reached skill level 1 in Shields
  7839 | Bailey   | Noticed an orc knight
  7839 | Bailey   | Noticed an orc warlord
  7843 | Bailey   | Reached skill level 11 in Axes
  7850 | Bailey   | Killed an orc knight
  7858 | Bailey   | Killed an orc warlord
  7861 | Bailey   | Slain by an orc warrior

Illustrated notes

Levels and vault maps discovered:
D:1:      ldierk_walled_garden_2, layout_rooms, chequers_ecumenical_altar_grove,
          minmay_crystal_room
D:2:      layout_rooms, serial_shops, nicolae_lakefront_shop,
          minmay_pentomino_x2
D:3:      layout_rooms, portal_sewer_entry_b
D:4:      corexii_shantytown, layout_cave_pools, okawaru_gym_becter
D:5:      layout_gridville, mainiacjoe_overflow_tiny_flanked,
          mainiacjoe_overflow_catwalk_spiral, uniq_pikel, uniq_blork_the_orc
D:6:      layout_basic, nicolae_sif_muna_little_library,
          minmay_temple_entry_sparse_star
D:7:      layout_cave_pods
D:8:      layout_loops_corners, enter_bailey_2, serial_shops, shop,
          lightli_church_of_beogh
Bailey:   bailey_axe_minmay_hex_keep, bailey

Skill      XL: |  1  2  3  4  5  6  7  8  9 10 |
---------------+-------------------------------+-----
Axes           | 4 5 6 7 9 10 11 | 11.7
Fighting       | 4 6 7 8 |  8.7
Armour         | 3 4 5 6 7 8 |  8.3
Dodging        | 3 5 6 7 |  7.6
Evocations     | 4 5 |  5.0
Shields        | 3 |  3.0

Action                   |  1- 3 |  4- 6 |  7- 9 | 10-12 || total
-------------------------+-------+-------+-------+-------++-------
Melee: Hand axe          |   112 |   145 |   158 |       ||   415
       Headbutt          |    15 |    18 |    38 |     4 ||    75
       Peck              |       |    23 |    33 |     3 ||    59
       Broad axe         |       |       |    25 |    25 ||    50
Throw: Dart              |       |     4 |     2 |       ||     6
Invok: Berserk           |       |     1 |     7 |     1 ||     9
       Trog's Hand       |       |       |     1 |       ||     1
  Use: Potion            |     7 |     2 |       |       ||     9
       Scroll            |     3 |     3 |       |       ||     6
 Stab: Distracted        |       |     1 |     2 |       ||     3
Armor: Leather armour    |    26 |    23 |       |       ||    49
       Scale mail        |       |     9 |       |       ||     9
       Plate armour      |       |    25 |    64 |     3 ||    92
Dodge: Dodged            |    54 |    46 |    41 |     2 ||   143
Block: Kite shield       |       |       |    36 |     3 ||    39

Table legend: (Time is in decaauts)
 A = Elapsed time spent in this place.
 B = Non-inter-level travel time spent in this place.
 C = Inter-level travel time spent in this place.
 D = Time resting spent in this place.
 E = Time spent auto-exploring this place.
 F = Levels seen in this place.
 G = Mean time per level.
                   A        B        C        D        E       F      G
               +--------+--------+--------+--------+--------+-----+--------+
         Total |   8039 |   7607 |    432 |   1231 |   3790 |  10 |  803.9 |
       Dungeon |   7426 |   6994 |    432 |   1110 |   3790 |   8 |  928.2 |
         Sewer |    333 |    333 |      0 |      0 |      0 |   1 |  333.0 |
        Bailey |    279 |    279 |      0 |    121 |      0 |   1 |  279.0 |
               +--------+--------+--------+--------+--------+-----+--------+

Top non-repeatable levels by time:
     D:7: 1288 daAuts
     D:6: 1277 daAuts
     D:5: 1215 daAuts
     D:1: 1160 daAuts
     D:4: 762 daAuts
     D:2: 699 daAuts
     D:3: 580 daAuts
     D:8: 443 daAuts
   Sewer: 333 daAuts
  Bailey: 279 daAuts
